 Dungeon Crawl Stone Soup version 0.28.0-43-g3370ac3207 (webtiles) character file.

Game seed: 5529580491086837016

65 nickcage the Magician (level 4, -2/31 HPs)
             Began as a Djinni Fire Elementalist on Mar 28, 2022.
             Slain by a gnoll
             ... wielding a +0 club
              (5 damage)
             ... on level 2 of the Dungeon.
             The game lasted 00:04:16 (1613 turns).

nickcage the Magician (Djinni Fire Elementalist)    Turns: 1613, Time: 00:04:17

Health: -2/31      AC:  2    Str:  7    XL:     4   Next: 35%
Gold:   34         EV: 12    Int: 19    God:
                   SH:  0    Dex: 13

rFire   + + .      SeeInvis .   b - +0 dagger
rCold   x . .      Faith    .   (no shield)
rNeg    . . .      Spirit   .   a - +0 robe
rPois   ∞          Reflect  .   (no helmet)
rElec   .          Harm     .   (no cloak)
rCorr   .          Rampage  .   (no gloves)
Will    .....                   (boots unavailable)
Stlth   ++........              (no amulet)
HPRegen 0.10/turn               (no ring)
MPRegen 0.00/turn               (no ring)

@: flying
A: sickness immunity, fire resistance 2, cold vulnerability 1, float, innate
caster, HP casting, extra vitality 1
a: no special abilities


You were on level 2 of the Dungeon.
You visited 1 branch of the dungeon, and saw 2 of its levels.

You collected 34 gold pieces.

Inventory:

Hand Weapons
 b - a +0 dagger (weapon)
Armour
 a - a +0 robe (worn)
Jewellery
 c - a ring of willpower
Potions
 d - a potion of heal wounds {unknown}


   Skills:
 * Level 0.8 Fighting
 - Level 2.2 Dodging
 - Level 1.6 Stealth
 + Level 3.6 Spellcasting


You couldn't memorise any spells.
You knew the following spells:

 Your Spells              Type           Power      Damage    Failure   Level
a - Foxfire               Conj/Fire      68%        2x1d7     3%          1
b - Scorch                Fire           34%        2d7       4%          2
c - Conjure Flame         Conj/Fire      17%        6-21      10%         3
d - Inner Flame           Hex/Fire       17%        N/A       10%         3
e - Flame Wave            Conj/Fire      17%        2d6       30%         4
f - Apportation           Tloc           34%        N/A       3%          1
Your spell library was empty.

Dungeon Overview and Level Annotations

Branches:
Dungeon (2/15)

Altars:


Innate Abilities, Weirdness & Mutations

You are immune to sickness and miasma.
You are immune to poison.
Your flesh is very heat resistant. (rF++)
You are vulnerable to cold. (rC-)
You float through the air rather than walking.
You learn spells naturally, not from books.
Your magical power is your life essence.
You have superior vitality. (+4 MHP)


Message History

Flames lash the goblin.
You kill the goblin!
The ball python hisses angrily.
You hear a shout! x2
Flames lash the gnoll.
The gnoll is moderately wounded.
The gnoll's fire resistance burns away.
A gnoll comes into view. It is wielding a +0 club.
Flames lash the gnoll.
The gnoll is burned terribly!
You kill the gnoll!
The gnoll throws a throwing net.
The throwing net closely misses you.
You have reached level 4!
You feel clever.
Flames lash the ball python.
You kill the ball python!
You hear a shout!
A gnoll comes into view. It is wielding a +0 club.
Found a robe.
Items here: )) ††.
Flames lash the gnoll.
The gnoll is heavily wounded.
The gnoll's fire resistance burns away.
A kobold comes into view. It is wielding a +0 dagger.
Flames lash the gnoll.
The gnoll is burned terribly!
You kill the gnoll!
The gnoll hits you with a +0 club.
You are too injured to fight recklessly!
Casting: Scorch (safe; 4% risk of failure)
Press: ? - help, Q - select action, (/) - cycle Dir - look around, f - activate Flames lash the gnoll.
The gnoll is heavily wounded.
The gnoll's fire resistance burns away.
The gnoll hits you with a +0 club.
* * * LOW HITPOINT WARNING * * *
Casting: Scorch (safe; 4% risk of failure)
Press: ? - help, Q - select action, (/) - cycle Dir - look around, f - activate Flames lash the gnoll.
The gnoll is burned terribly!
The gnoll is severely wounded.
* * * LOW HITPOINT WARNING * * *
The gnoll hits you with a +0 club.
You die...

##........##
#..........#
#..........#
#.......!..#
#..........#
#....).....#
#####..g.....##
..K....@.......
####.†..>.....#
#.....(...!..# ...
#.#..........# ..#
##[ #...........
..#.. ##..........#
#...###..........##
##..###..##......##
#...#...(....###.#


You could see a gnoll (combustible) and a kobold.

Vanquished Creatures
  2 gnolls (D:2)
  A dart slug (D:1)
  3 endoplasms (D:1)
  A giant cockroach (D:1)
  5 hobgoblins
  2 jackals (D:1)
  A quokka (D:1)
  4 ball pythons
  4 bats
  2 frilled lizards (D:1)
  9 goblins
  4 kobolds
  A rat (D:1)
39 creatures vanquished.

Vanquished Creatures (others)
  31 foxfires (D:1)
31 creatures vanquished.

Grand Total: 70 creatures vanquished

Notes
Turn   | Place    | Note
-------+----------+-------------------------------------------
     0 | D:1      | nickcage the Djinni Fire Elementalist began the quest for
                  | the Orb.
     0 | D:1      | Reached XP level 1. HP: 15/15 MP: 0/0
   149 | D:1      | Reached XP level 2. HP: 20/21 MP: 0/0
   498 | D:1      | Reached skill level 3 in Spellcasting
   656 | D:1      | Reached XP level 3. HP: 23/25 MP: 0/0
   656 | D:1      | Learned a level 1 spell: Apportation
  1161 | D:1      | Found a faded altar of an unknown god.
  1607 | D:2      | Reached XP level 4. HP: 20/31 MP: 0/0
  1613 | D:2      | Slain by a gnoll

Illustrated notes

Levels and vault maps discovered:
D:1:      grunt_arrival_crossed_arrows, layout_loops_cross,
          shapermc_ecumenical_altar_mp_ritualfount
D:2:      layout_rooms

Skill      XL: |  1  2 |
---------------+-------+-----
Spellcasting   | 3 |  3.6
Fighting       | |  0.8
Dodging        | |  2.2
Stealth        | |  1.6

Action                   |  1- 3 |  4- 6 || total
-------------------------+-------+-------++-------
Melee: Dagger            |    23 |       ||    23
 Cast: Foxfire           |    18 |       ||    18
       Scorch            |    25 |     5 ||    30
 Stab: Sleeping          |     1 |       ||     1
Armor: Robe              |     5 |       ||     5
Dodge: Dodged            |    16 |       ||    16
